 Dungeon Crawl Stone Soup version 0.30.0-29-ga12c61a403 (webtiles) character file.

Game seed: 6668617630679234541

182 qw the Shield-Bearer (level 5, -1/32 HPs)
             Began as a Gargoyle Fighter on June 4, 2023.
             Killed from afar by an orc wizard (2 damage)
             ... with a magic dart
             ... on level 3 of the Dungeon.
             The game lasted 00:01:33 (2345 turns).

qw the Shield-Bearer (Gargoyle Fighter)             Turns: 2345, Time: 00:01:34

Health: -1/32      AC: 12    Str: 22    XL:     5   Next: 61%
Magic:  5/5        EV:  9    Int:  8    God:
Gold:   227        SH:  0    Dex: 12    Spells: 4/4 levels left

rFire   + . .        Y - +0 war axe
rCold   . . .        a - +4 kite shield "Nikkeq" {rF+ rCorr Dex+3 Slay-2}
rNeg    + . .        b - +0 scale mail
rPois   inf          c - +0 helmet
rElec   +            (no cloak)
rCorr   +            (no gloves)
SInv    .            (no boots)
Will    .....        (no amulet) Stlth
                     (no ring)
HPRegen 0.25/turn    (no ring)
MPRegen 0.09/turn

%: no passive effects
@: confused
A: sickness immunity, AC +4, negative energy resistance 1, electricity
resistance, torment resistance 1, petrification resistance
a: no special abilities


You were on level 3 of the Dungeon.
You visited 1 branch of the dungeon, and saw 3 of its levels.

You collected 227 gold pieces.


Innate Abilities, Weirdness & Mutations

You are immune to sickness and miasma.
Your stone body is resilient. (AC +4)
You are immune to poison.
You resist negative energy. (rN+)
You are resistant to electric shocks. (rElec)
You are resistant to unholy torment.
You are immune to petrification.


   Skills:
 - Level 3.2 Fighting
 - Level 4.0 Axes
 - Level 3.2 Armour
 - Level 1.0 Dodging
 + Level 4.7 Shields


You had 4 spell levels left.
You didn't know any spells.
Your spell library was empty.

Inventory:

Hand Weapons
 k - a +0 flail
 Y - a +0 war axe (weapon)
Armour
 a - the +4 kite shield "Nikkeq" (worn) {rF+ rCorr Dex+3 Slay-2}
   (You acquired it on level 1 of the Dungeon)

   Dex:       It affects your dexterity (+3).
   Slay:      It affects your accuracy & damage with ranged weapons and melee
   (-2).
   rF:        It protects you from fire.
   rCorr:     It protects you from acid and corrosion.
 b - a +0 scale mail (worn)
 c - a +0 helmet (worn)
Jewellery
 l - a ring of resist corrosion
Scrolls
 h - 2 scrolls of identify
 i - 2 scrolls of teleportation
Potions
 d - a potion of might
 e - 3 potions of haste
 g - a potion of mutation
 n - a potion of heal wounds {unknown}
 o - a potion of cancellation {unknown}

Dungeon Overview and Level Annotations

Branches:
Dungeon (3/15)

Altars:


Message History

You are confused.
You completely miss something.
Something hits you but does no damage. x2
Something hits you.
Items here: %%% ( ))) [[.
Enter note: You bump into the rock wall.
An orc wizard appears from thin air!
Reactivating autopickup.
The orc wizard points at you and mumbles some strange words.
You resist with some effort.
The orc wizard hits you but does no damage.
The orc wizard hits you but does no damage.
You feel less confused. The orc wizard barely misses you.
You closely miss the orc wizard.
The orc wizard is moderately wounded.
The orc wizard hits you but does no damage.
You hit the orc wizard.
The orc wizard is heavily wounded.
The orc wizard closely misses you.
You closely miss the orc wizard.
The orc wizard is heavily wounded.
You block the orc wizard's attack.
The orc wizard hits you but does no damage.
You barely miss the orc wizard.
The orc wizard is heavily wounded.
The orc wizard hits you with a +0 dagger.
You hit the orc wizard.
The orc wizard is severely wounded.
The orc wizard points at you and mumbles some strange words.
You are confused.
The orc wizard barely misses you. The orc wizard casts a spell at you.
The magic dart hits you!
The orc wizard gestures at you while chanting.
You resist with some effort. The orc wizard casts a spell at you.
The magic dart hits you.
You die...

#. .# #.# ...
..# #.. #.# ..#
# #.# ..# # ###
###. #.# #.#.#
...
.....##.####)#.#
...
#.....).)o..#
###
####.####@####
...
#......#.#... #
#.#.......... #
#.##.......# ###
#.##.####..# ...
#.#..# ..# ###
#.#..# ...
#.##.#..# .##.
#.##.#..####.


You could see an orc wizard.

Vanquished Creatures
  An iguana (D:3)
  Robin (D:2)
  6 adders
  A worm (D:2)
  2 dart slugs (D:2)
  7 orcs (D:3)
  A ball python (D:1)
  3 endoplasms
  A giant cockroach (D:1)
  16 goblins
  12 hobgoblins
  4 jackals (D:2)
  7 kobolds
  2 quokkas
  3 bats
  A frilled lizard (D:1)
  4 rats
72 creatures vanquished.

Notes
Turn   | Place    | Note
-------+----------+-------------------------------------------
     0 | D:1      | qw the Gargoyle Fighter began the quest for the Orb.
     0 | D:1      | Reached XP level 1. HP: 14/14 MP: 1/1
     0 | D:1      | 0 ||| qw: Version: 0.2-a-107-g4668610
     0 | D:1      | 0 ||| qw: Game counter: 1270
     0 | D:1      | 0 ||| qw: Always use a shield: true
     0 | D:1      | 0 ||| qw: God list: Okawaru
     0 | D:1      | 0 ||| qw: Allow faded altars: false
     0 | D:1      | 0 ||| qw: Do Orc after D:15 true
     0 | D:1      | 0 ||| qw: Do second Lair branch before Depths: true
     0 | D:1      | 0 ||| qw: Lair rune preference: random
     0 | D:1      | 0 ||| qw: Plans: Normal, Zot:1-4, Slime:5, God:TSO, Crypt,
                  | Tomb, Abyss, Pan, Hells, Win
     0 | D:1      | 0 ||| PLANNING D:1-11
   176 | D:1      | Reached XP level 2. HP: 18/19 MP: 2/2
   365 | D:1      | 365 ||| DROPPING +0 whip.
   438 | D:1      | 438 ||| Stepping ~*~*~tactically~*~*~ (stealth).
   444 | D:1      | Reached skill level 3 in Axes
   607 | D:1      | Reached XP level 3. HP: 23/23 MP: 3/3
  1017 | D:1      | 1017 ||| READING scroll labelled REACSO OZXYMOA.
  1017 | D:1      | Identified a scroll of acquirement
  1017 | D:1      | 1017 ||| ACQUIRING +4 kite shield "Nikkeq" {rF+ rCorr Dex+3
                  | Slay-2}
  1017 | D:1      | Acquired the +4 kite shield "Nikkeq" {rF+ rCorr Dex+3
                  | Slay-2}
  1019 | D:1      | 1019 ||| UPGRADING to +4 kite shield "Nikkeq" {rF+ rCorr
                  | Dex+3 Slay-2}.
  1029 | D:1      | 1029 ||| DROPPING +0 buckler.
  1030 | D:1      | 1030 ||| READING 4 scrolls labelled WUASOWK WOLO.
  1031 | D:1      | 1031 ||| READING 3 scrolls labelled PIM QUAMUA.
  1034 | D:1      | 1034 ||| READING scroll labelled ADDAOCVEZOBB.
  1035 | D:1      | 1035 ||| READING scroll labelled FIPNEU ZOCWOCK.
  1036 | D:1      | 1036 ||| READING 3 scrolls of identify.
  1036 | D:1      | 1036 ||| IDENTIFYING fuming cyan potion
  1037 | D:1      | 1037 ||| READING 2 scrolls of identify.
  1037 | D:1      | 1037 ||| IDENTIFYING orange potion
  1038 | D:1      | 1038 ||| DROPPING potion of brilliance.
  1112 | D:2      | 1112 ||| Stepping ~*~*~tactically~*~*~ (stealth).
  1115 | D:2      | 1115 ||| Stepping ~*~*~tactically~*~*~ (stealth).
  1160 | D:2      | 1160 ||| Stepping ~*~*~tactically~*~*~ (stealth).
  1199 | D:2      | 1199 ||| Stepping ~*~*~tactically~*~*~ (stealth).
  1201 | D:2      | 1201 ||| Stepping ~*~*~tactically~*~*~ (stealth).
  1204 | D:2      | 1204 ||| Stepping ~*~*~tactically~*~*~ (stealth).
  1211 | D:2      | Reached XP level 4. HP: 24/28 MP: 4/4
  1214 | D:2      | Noticed Robin
  1215 | D:2      | 1215 ||| Stepping ~*~*~tactically~*~*~ (stealth).
  1217 | D:2      | 1217 ||| Stepping ~*~*~tactically~*~*~ (stealth).
  1218 | D:2      | 1218 ||| Stepping ~*~*~tactically~*~*~ (stealth).
  1257 | D:2      | Killed Robin
  1333 | D:2      | 1333 ||| Stepping ~*~*~tactically~*~*~ (stealth).
  1399 | D:2      | 1399 ||| Stepping ~*~*~tactically~*~*~ (hiding).
  1530 | D:2      | 1530 ||| Stepping ~*~*~tactically~*~*~ (hiding).
  1922 | D:2      | Reached XP level 5. HP: 32/32 MP: 5/5
  1979 | D:2      | Reached skill level 1 in Dodging
  2127 | D:2      | 2127 ||| UPGRADING to +0 helmet.
  2132 | D:2      | 2132 ||| READING scroll labelled PAOKLU ETUP.
  2133 | D:2      | 2133 ||| READING scroll labelled CIUTEASUYDD.
  2134 | D:2      | 2134 ||| READING 2 scrolls of identify.
  2134 | D:2      | 2134 ||| IDENTIFYING blue potion
  2135 | D:2      | 2135 ||| DROPPING potion of invisibility.
  2163 | D:3      | 2163 ||| STAIRDANCE
  2280 | D:3      | 2280 ||| Stepping ~*~*~tactically~*~*~ (stealth).
  2310 | D:3      | 2310 ||| Stepping ~*~*~tactically~*~*~ (hiding).
  2343 | D:3      | HP: 1/32 [orc wizard/magic dart (11)]
  2345 | D:3      | Killed from afar by an orc wizard

Levels and vault maps discovered:
D:1:      ncdulo_wetmaze, layout_loops_corners
D:2:      minmay_evil_eye, layout_loops_cross, minmay_misc_feat_more_columns,
          uniq_robin
D:3:      layout_basic, hellmonk_ecumenical_altar_crossroads, uniq_ijyb

Skill      XL: |  1  2  3  4  5 |
---------------+----------------+-----
Axes           | 2 3 4 |  4.0
Shields        | 4 |  4.7
Dodging        | 1 |  1.0
Fighting       | |  3.2
Armour         | |  3.2

Action                     |  1- 3 |  4- 6 || total
---------------------------+-------+-------++-------
  Melee: War axe           |   138 |   175 ||   313
    Use: Scroll            |     7 |     3 ||    10
 Armour: Scale mail        |    63 |    76 ||   139
  Dodge: Dodged            |    52 |    45 ||    97
  Block: Buckler           |    19 |       ||    19
         Kite shield       |    35 |   130 ||   165

Table legend:
 A = Non-vault XP
 B = Vault XP
 C = Vault XP percentage of total XP
 D = Non-vault monster count
 E = Vault monster count
 F = Vault count percentage of total count
                 A         B        C        D         E       F
            +---------+---------+-------+---------+---------+-------
      Total |     222 |      38 |  14.6 |      58 |      14 |  19.4
            +---------+---------+-------+---------+---------+-------
        D:1 |      41 |       0 |   0.0 |      22 |       0 |   0.0
        D:2 |     103 |      38 |  27.0 |      22 |      14 |  38.9
        D:3 |      78 |       0 |   0.0 |      14 |       0 |   0.0
            +---------+---------+-------+---------+---------+-------
